 Dungeon Crawl Stone Soup version 0.20-a0-350-ga83eecc (webtiles) character file.

15727 snakesoul the Fencer (level 12, -3/112 HPs)
             Began as a Minotaur Fighter on Dec 24, 2016.
             Was an Elder of Okawaru.
             Slain by a swamp worm (8 damage)
             ... on level 1 of the Lair of Beasts.
             The game lasted 00:24:32 (13641 turns).

snakesoul the Fencer (Minotaur Fighter)            Turns: 13641, Time: 00:24:33

Health: -3/112     AC: 18    Str: 27    XL:     12   Next: 3%
Magic:  11/11      EV:  9    Int:  5    God:    Okawaru [****..]
Gold:   983        SH: 13    Dex: 14    Spells: 11/11 levels left

rFire  + . .     SeeInvis +     a - +0 long sword
rCold  x . .     Gourm    +     y - +6 scale mail of Action {+Inv rC- MR+}
rNeg   . . .     Faith    .     c - +0 shield
rPois  .         Spirit   .     g - +2 hat
rElec  .         Reflect  .     (no cloak)
rCorr  .         Harm     .     B - +2 pair of gloves {archery}
MR     +....                    (no boots)
Stlth  ..........               L - amulet of the gourmand
                                Z - ring of protection from fire
                                b - ring of see invisible

@: mighty, hasted, very quick
A: retaliatory headbutt, horns 2
a: Heroism, Renounce Religion, Evoke Invisibility


You were on level 1 of the Lair of Beasts.
You worshipped Okawaru.
Okawaru was greatly pleased with you.
You were very full.

You visited 3 branches of the dungeon, and saw 13 of its levels.
You also visited: Labyrinth and Ossuary.

You collected 983 gold pieces.

Inventory:

Hand Weapons
 a - a +0 long sword (weapon)
Missiles
 u - 10 tomahawks (quivered)
Armour
 c - a +0 shield (worn)
 g - a +2 hat (worn)
 y - the +6 scale mail of Action (worn) {+Inv rC- MR+}
   (You found it on level 4 of the Dungeon)

   It makes you vulnerable to cold.
   It affects your resistance to hostile enchantments.
   It lets you turn invisible.
 B - a +2 pair of gloves of archery (worn)
Jewellery
 b - a ring of see invisible (left hand)
 x - an uncursed ring of ice
 D - a +3 amulet of reflection
 J - a +2 amulet of reflection
 L - an amulet of the gourmand (around neck)
 Z - a ring of protection from fire (right hand)
Wands
 h - a wand of iceblast (10/15)
 E - a wand of enslavement (9/24)
 P - a wand of random effects (28/48)
Scrolls
 e - 6 scrolls of identify
 i - 2 scrolls of blinking {unknown}
 m - 2 scrolls of recharging {unknown}
 n - 4 scrolls of amnesia {unknown}
 o - 10 scrolls of remove curse
 p - 3 scrolls of magic mapping {unknown}
 s - 5 scrolls of enchant weapon {unknown}
 w - 4 scrolls of teleportation
 G - 2 scrolls of fear {unknown}
 I - 2 scrolls of random uselessness {unknown}
 K - a scroll of noise {unknown}
 N - a scroll of torment {unknown}
 Q - a scroll of holy word {unknown}
 T - 3 scrolls of vulnerability {unknown}
Potions
 d - a potion of might
 j - a potion of cancellation {unknown}
 k - 8 potions of curing {unknown}
 q - 3 potions of cure mutation {unknown}
 r - 5 potions of haste
 v - 4 potions of agility {unknown}
 z - 3 potions of mutation {unknown}
 C - 2 potions of flight {unknown}
 H - 2 potions of degeneration {unknown}
 M - 4 potions of lignification {unknown}
 R - a potion of magic {unknown}
 S - a potion of berserk rage {unknown}
 W - 2 potions of heal wounds {unknown}
 X - a potion of brilliance {unknown}
Comestibles
 f - 13 bread rations
 l - 4 slices of pizza
 t - 8 meat rations
 A - 3 beef jerkies
 F - 4 chunks of flesh


   Skills:
 * Level 12.0 Fighting
 + Level 15.9 Long Blades
 * Level 3.8 Armour
 - Level 12.0 Shields


You had 11 spell levels left.
You didn't know any spells.

Dungeon Overview and Level Annotations

Branches:
Dungeon (11/15)            Temple (1/1) D:7            Lair (1/6) D:9
    Orc: D:9-12

Altars:
Ashenzari
Cheibriados
Dithmenos
Elyvilon
Fedhas
Gozag
Hepliaklqana
Kikubaaqudgha
Makhleb
Nemelex Xobeh
Okawaru
Qazlal
Ru
Sif Muna
Trog
Uskayaw
Vehumet
Xom
Yredelemnul
Zin
The Shining One


Innate Abilities, Weirdness & Mutations

You reflexively headbutt those who attack you in melee.
You have a pair of horns on your head.


Message History

The swamp worm is severely wounded.
You block the swamp worm's attack. The swamp worm bites you.
* * * LOW HITPOINT WARNING * * *
The swamp worm closely misses you. You furiously retaliate!
You headbutt the swamp worm!
You riposte.
You slash the swamp worm! Your headbutt misses the swamp worm.
The swamp worm is severely wounded.
Your unstable footing causes you to fumble your attack.
The swamp worm bites you but does no damage.
The swamp worm bites you!
* * * LOW HITPOINT WARNING * * *
You block the swamp worm's attack.
Unknown command.
Unknown command.
Unknown command.
Unknown command.
Unknown command.
It was a potion of haste.
You feel yourself speed up. You block the swamp worm's attack.
The swamp worm bites you!
You die...

..(...# ......#
.## ......# ... ##
......# ?. .#
...w... ≈≈##.##
...?..# #.. ≈≈≈..#
.###### ≈≈≈
#######≈≈≈.#
#≈≈##ww≈≈≈#≈≈≈.##
##≈≈#)≈@≈≈≈≈≈≈≈..#
#≈≈≈##≈≈w≈†#≈≈≈###
#≈≈≈#######≈≈≈#
###≈≈≈≈≈≈≈≈≈≈≈##
#P...≈≈≈≈≈†≈###
##.......≈†##
#.......###
#.........#
#.+.......#


You could see 3 swamp worms.

Vanquished Creatures
  Snorg (D:11)
  A minotaur (Lab)
  Fannar (Lair:1)
  2 two-headed ogres
  2 ugly things
  Joseph (D:9)
  Psyche (D:9)
  A kobold demonologist (D:11)
  A hornet (D:11)
  3 trolls
  5 hippogriffs
  A spriggan (D:7)
  A wyvern (D:11)
  12 yaks
  3 wargs (D:9)
  2 swamp worms (Lair:1)
  A soldier ant (D:11)
  A porcupine (Lair:1)
  An orc warrior (D:9)
  A black bear (D:8)
  4 ice beasts
  5 sky beasts
  An ogre (D:11)
  6 phantoms
  5 centaurs
  2 crocodiles (Lair:1)
  2 big kobolds
  7 bullfrogs
  2 elf skeletons (D:6)
  A gnoll sergeant (D:8)
  2 wyvern skeletons
  4 scorpions
  8 killer bees
  5 howler monkeys
  A bullfrog zombie (D:8)
  7 crimson imps
  6 hounds
  2 centaur zombies
  2 human skeletons (D:6)
  2 jellies
  8 orc priests
  A bullfrog skeleton (D:7)
  Ijyb (D:2)
  An iguana (D:9)
  9 worker ants
  15 orc wizards
  A statue (D:9)
  A hound zombie (D:11)
  A hound skeleton (D:7)
  8 mummies (Ossuary)
  24 gnolls
  14 adders
  An ooze (D:3)
  An adder skeleton (D:6)
  An adder zombie (D:5)
  14 worms
  3 dart slugs
  3 leopard geckos
  45 orcs
  3 bats
  5 giant cockroaches
  8 goblins
  6 hobgoblins
  10 jackals
  4 quokkas
  2 ball pythons
  A ball python skeleton (D:4)
  4 frilled lizards
  2 hobgoblin zombies (Ossuary)
  A jackal skeleton (D:6)
  10 kobolds
  4 kobold zombies (Ossuary)
  2 leopard gecko skeletons (D:5)
  An orc skeleton (D:6)
  3 orc zombies
  A quokka skeleton (D:5)
  3 quokka zombies
  5 rats
343 creatures vanquished.

Vanquished Creatures (others)
  7 plants (Lair:1)
7 creatures vanquished.

Grand Total: 350 creatures vanquished

Notes
Turn   | Place    | Note
-------+----------+-------------------------------------------
     0 | D:1      | snakesoul the Minotaur Fighter began the quest for the Orb.
     0 | D:1      | Reached XP level 1. HP: 19/19 MP: 0/0
   127 | D:1      | Reached XP level 2. HP: 24/27 MP: 1/1
   128 | D:1      | Reached skill level 3 in Long Blades
   581 | D:2      | Reached XP level 3. HP: 33/33 MP: 2/2
   892 | D:2      | Noticed Ijyb
   894 | D:2      | Killed Ijyb
   894 | D:2      | Reached skill level 4 in Long Blades
   894 | D:2      | Reached XP level 4. HP: 40/40 MP: 3/3
  1364 | D:3      | Reached skill level 5 in Long Blades
  1523 | D:3      | Found a stormy altar of Qazlal.
  1563 | D:3      | Reached XP level 5. HP: 29/47 MP: 4/4
  2108 | D:3      | Found a deep blue altar of Sif Muna.
  2175 | D:3      | Reached skill level 5 in Shields
  2383 | D:3      | Reached XP level 6. HP: 52/55 MP: 5/5
  2445 | D:3      | Reached skill level 5 in Fighting
  2678 | D:4      | Reached skill level 6 in Long Blades
  3031 | D:4      | Got a faintly glowing whip
  3036 | D:4      | Got a pearl-encrusted scale mail
  3037 | D:4      | Identified the +10 whip "Himpoac" {drain, *Rage +Blink Int+7} (You found it on level 4 of the Dungeon)
  3038 | D:4      | Identified the +6 scale mail of Action {+Inv rC- MR+} (You found it on level 4 of the Dungeon)
  3224 | D:4      | Found a snail-covered altar of Cheibriados.
  3478 | D:5      | Entered Level 5 of the Dungeon
  3486 | D:5      | Reached skill level 7 in Long Blades
  3486 | D:5      | Reached XP level 7. HP: 55/61 MP: 6/6
  3540 | D:5      | Found a white marble altar of Elyvilon.
  3776 | D:5      | Reached skill level 8 in Long Blades
  4071 | D:5      | Reached XP level 8. HP: 69/71 MP: 7/7
  4334 | D:6      | Found a blossoming altar of Fedhas.
  4356 | D:6      | Found a glowing golden altar of the Shining One.
  4374 | D:6      | Reached skill level 9 in Long Blades
  4645 | D:6      | Found a sand-covered staircase.
  4665 | Ossuary  | Entered an ossuary
  5105 | D:6      | Reached skill level 10 in Long Blades
  5326 | D:6      | Reached XP level 9. HP: 81/81 MP: 8/8
  5548 | D:7      | Found a bloodstained altar of Trog.
  5700 | D:7      | Found a staircase to the Ecumenical Temple.
  5735 | Temple   | Entered the Ecumenical Temple
  6168 | D:7      | Reached skill level 11 in Long Blades
  6410 | D:8      | Found a bloodstained altar of Trog.
  6414 | D:8      | Got an ebony dagger
  6418 | D:8      | Identified the cursed +1 dagger of the Modern Runes {speed, rPois} (You found it on level 8 of the Dungeon)
  6452 | D:8      | Found a shadowy altar of Dithmenos.
  6790 | D:8      | Found an ancient bone altar of Kikubaaqudgha.
  6907 | D:8      | Found a shattered altar of Ashenzari.
  7133 | D:8      | Reached skill level 12 in Long Blades
  7345 | D:8      | Found a white marble altar of Elyvilon.
  7345 | D:8      | Found a glowing silver altar of Zin.
  7346 | D:8      | Found a glowing golden altar of the Shining One.
  7423 | D:9      | Noticed a two-headed ogre
  7442 | D:9      | Killed a two-headed ogre
  7442 | D:9      | Reached XP level 10. HP: 29/91 MP: 9/9
  8008 | D:9      | Reached skill level 13 in Long Blades
  8190 | D:8      | Reached skill level 10 in Fighting
  8601 | D:9      | Reached skill level 10 in Shields
  8732 | D:9      | Found a radiant altar of Vehumet.
  8744 | D:9      | Noticed Psyche
  8754 | D:9      | Killed Psyche
  9098 | D:9      | Found an iron altar of Okawaru.
  9122 | D:9      | Became a worshipper of Warmaster Okawaru
  9150 | D:9      | Found a staircase to the Lair.
  9245 | D:9      | Found a burning altar of Makhleb.
  9245 | D:9      | Noticed a balrug
  9362 | D:9      | Noticed Joseph
  9378 | D:9      | Killed Joseph
  9604 | D:10     | Entered Level 10 of the Dungeon
  9604 | D:10     | Noticed a purple ugly thing
  9622 | D:10     | Killed a purple ugly thing
  9834 | D:10     | Noticed a two-headed ogre
  9842 | D:10     | Killed a two-headed ogre
  9842 | D:10     | Reached * piety under Okawaru
  9842 | D:10     | Reached skill level 14 in Long Blades
  9842 | D:10     | Reached XP level 11. HP: 74/101 MP: 10/10
 10831 | D:11     | Reached ** piety under Okawaru
 10855 | D:11     | Noticed Snorg
 11040 | D:11     | Killed Snorg
 11471 | D:11     | Found Uzienack's Antique Weapon Boutique.
 11540 | D:11     | Noticed a red ugly thing
 11550 | D:11     | Killed a red ugly thing
 11587 | D:11     | Identified the Reference Book on Orientation and the Oath
 11691 | D:10     | Reached skill level 15 in Long Blades
 11859 | D:11     | Reached *** piety under Okawaru
 12281 | Lair:1   | Entered Level 1 of the Lair of Beasts
 12452 | Lair:1   | Noticed Fannar
 12485 | Lair:1   | Killed Fannar
 12657 | Lair:1   | Found a labyrinth entrance.
 12691 | Lab      | Entered a labyrinth
 13124 | Lab      | Noticed a minotaur
 13135 | Lab      | Killed a minotaur
 13429 | Lair:1   | Reached **** piety under Okawaru
 13429 | Lair:1   | Reached XP level 12. HP: 103/112 MP: 11/11
 13465 | Lair:1   | Noticed a seven-headed hydra
 13485 | Lair:1   | Noticed a six-headed hydra
 13640 | Lair:1   | HP: 5/112 [swamp worm (12)]
 13641 | Lair:1   | Slain by a swamp worm

Vault maps used:
D:1:      dpeg_arrival_prison
D:2:      first_bread, uniq_iyjb
D:3:      lemuel_blue_sif_altar, nicolae_qazlal_eye_of_the_storm
D:4:      nicolae_overflow_hidden_temple
D:5:      basic_altar
D:6:      overflow_temple_1_default, nicolae_ossuary_entry_catacombs,
          tso_metal_star
D:7:      the_bakery, trog_three_pillars_becter
D:8:      good_gods_mini_temple, grunt_dithmenos_smoke,
          ashenzari_conservatory_becter, lemuel_crystal_altar, bloody_trog
D:9:      nicolae_overflow_crystal_walls, vehumet_statue,
          makhleb_altar_promises_db, erik_lair_orcish_takeover, uniq_psyche,
          uniq_joseph
D:11:     serial_shops, kennysheep_mini_moat, uniq_snorg
Temple:   compressed_dpeg_triangle_lava_temple
Lair:1:   lab_entry_generic, serial_bayou_ford_a, worms_lemuel, uniq_fannar
Lab:      labyrinth_skeletal_remains, labyrinth_glass_1, lab_statue
Ossuary:  ossuary_tomb_3

Skill      XL: |  1  2  3  4  5  6  7  8  9 10 11 12 |
---------------+-------------------------------------+-----
Long Blades    | 3 4 5 7 8 10 12 14 15 | 15.9
Fighting       | 4 5 6 7 9 10 11 12 | 12.0
Shields        | 4 5 6 7 9 10 12 | 12.0
Armour         | |  3.8

Action                   |  1- 3 |  4- 6 |  7- 9 | 10-12 || total
-------------------------+-------+-------+-------+-------++-------
Melee: Long sword        |    62 |   171 |   430 |   576 ||  1239
       Headbutt          |    11 |    35 |    92 |   162 ||   300
Invok: Heroism           |       |       |       |     1 ||     1
  Use: Potion            |       |     1 |     2 |     3 ||     6
       Scroll            |       |     2 |     2 |     5 ||     9
  Eat: Chunk             |       |     8 |    22 |    20 ||    50
Armor: Scale mail        |    37 |    75 |   179 |   212 ||   503
Dodge: Dodged            |    18 |    60 |    98 |   134 ||   310
Block: Shield            |    28 |   102 |   212 |   320 ||   662
       Rpst.: Long sword |     5 |    14 |    26 |    31 ||    76
